 Dungeon Crawl Stone Soup version 0.21.1-1-g345015fe64 (webtiles) character file.

19 Ivernyr the Ogre Mage (level 2, -1/26 HPs)
             Began as an Ogre Wizard on Apr 28, 2018.
             Slain by a leopard gecko (4 damage)
             ... on level 1 of the Dungeon.
             The game lasted 00:02:59 (686 turns).

Ivernyr the Ogre Mage (Ogre Wizard)                  Turns: 686, Time: 00:02:59

Health: -1/26      AC:  3    Str: 10    XL:     2   Next: 75%
Magic:  0/6        EV: 10    Int: 19    God:
Gold:   19         SH:  0    Dex:  7    Spells: 7/8 levels left

rFire    . . .     SeeInvis .   (no weapon)
rCold    . . .     Gourm    .   (no shield)
rNeg     . . .     Faith    .   a - +0 robe
rPois    .         Spirit   .   b - +0 hat
rElec    .         Reflect  .   (no cloak)
rCorr    .         Harm     .   (gloves unavailable)
MR       .....                  (boots unavailable)
Stlth    +.........             (no amulet)
HPRegen  0.08/turn              (no ring)
MPRegen  0.10/turn              (no ring)

@: very slightly contaminated
A: large, unfitting armour, tough skin 1
a: no special abilities


You were on level 1 of the Dungeon.
You were not hungry.

You visited 1 branch of the dungeon, and saw 1 of its levels.

You collected 19 gold pieces.

Inventory:

Armour
 a - a +0 robe (worn)
 b - a +0 hat (worn)
Scrolls
 g - a scroll of identify {unknown}
 i - a scroll of fog {unknown}
 j - a scroll of immolation {unknown}
 k - a scroll of remove curse {unknown}
Potions
 e - a potion of haste {unknown}
 f - a potion of lignification {unknown}
 h - a potion of curing {unknown}
Books
 c - a book of Minor Magic

   Spells                             Type                      Level
   a - Magic Dart                     Conjuration                  1
   b - Blink                          Translocation                2
   c - Call Imp                       Summoning                    2
   d - Slow                           Hexes                        2
   e - Conjure Flame                  Conjuration/Fire             3
   f - Mephitic Cloud                 Conjuration/Poison/Air       3
Comestibles
 d - a ration


   Skills:
 + Level 0.6 Fighting
 - Level 2.0 Dodging
 - Level 1.4 Stealth
 + Level 3.8 Spellcasting
 * Level 1.7 Conjurations
   Level 0.8 Summonings
   Level 0.8 Translocations


You had 7 spell levels left.
You knew the following spells:

 Your Spells              Type           Power        Failure   Level  Hunger
a - Magic Dart            Conj           ##..         7%          1    None


Dungeon Overview and Level Annotations

Branches:
Dungeon (1/15)

Altars:


Innate Abilities, Weirdness & Mutations

You are too large for most types of armour.
You have tough skin. (AC +1)


Message History

Your skin tingles.
The leopard gecko bites you.
* * * LOW HITPOINT WARNING * * *
The leopard gecko barely misses you.
You miss the leopard gecko. The leopard gecko bites you.
* * * LOW HITPOINT WARNING * * *
The leopard gecko bites you but does no damage.
You see here a dagger.
Casting: Magic Dart
Confirm with . or Enter, or press ? or * to list all spells.
Aiming: Magic Dart
Press: ? - help, Shift-Dir - straight line, f/p - leopard gecko
Aim: a leopard gecko The magic dart hits the leopard gecko.
The leopard gecko is severely wounded.
The leopard gecko closely misses you. The leopard gecko bites you.
* * * LOW HITPOINT WARNING * * *
There is an open door here.
The leopard gecko bites you.
You die...

...###.).......#
###.###.....# #
+.....#.....## #
#####+#.#'#(.....# ###
#.....#.#.+......#####..
#.....#.#.#.......#...†.
###..>..#'#.#..........###
#.#..<..#l#.#...##)....#
#.+.....#@#...###....††##
#+#.#'#####.#####...##....##
#.....+.#.....#...####......
###'###'###.###..##....##...
#.#...............#####...
#...#####(.##.#....###....
###............###...#....
#.............#####......
##.#........#)...#####....


You could see a leopard gecko.

Vanquished Creatures
  An ooze (D:1)
  A dart slug (D:1)
  A leopard gecko (D:1)
  A giant cockroach (D:1)
  A hobgoblin (D:1)
  3 ball pythons (D:1)
  A bat (D:1)
  A goblin (D:1)
  2 kobolds (D:1)
  A rat (D:1)
13 creatures vanquished.

Notes
Turn   | Place    | Note
-------+----------+-------------------------------------------
     0 | D:1      | Ivernyr the Ogre Wizard began the quest for the Orb.
     0 | D:1      | Reached XP level 1. HP: 16/16 MP: 5/5
    24 | D:1      | Reached skill level 1 in Conjurations
   202 | D:1      | Reached XP level 2. HP: 24/24 MP: 1/6
   686 | D:1      | Slain by a leopard gecko

Skill      XL: |  1  2 |
---------------+-------+-----
Conjurations   | 1 |  1.7
Dodging        | 2 |  2.0
Fighting       | |  0.6
Stealth        | |  1.4
Spellcasting   | |  3.8
Summonings     | |  0.8
Translocations | |  0.8

Action                   || total
-------------------------++-------
Melee: Unarmed           ||    29
 Cast: Magic Dart        ||    37
Armor: Robe              ||    15
Dodge: Dodged            ||    30
